 Dungeon Crawl Stone Soup version 0.30-a0-737-gf23d94013f (webtiles) character file.

Game seed: 6032941294020244824

564 kiwi3s the Chopper (level 7, -15/62 HPs)
             Began as a Minotaur Berserker on Feb 3, 2023.
             Was a Priest of Trog.
             Demolished by Pikel
             ... wielding a +2 whip of electrocution
              (18 damage)
             ... on level 5 of the Dungeon.
             The game lasted 00:03:28 (3662 turns).

kiwi3s the Chopper (Minotaur Berserker)             Turns: 3662, Time: 00:03:29

Health: -15/62     AC:  4    Str: 23    XL:     7   Next: 10%
Magic:  6/6        EV: 13    Int:  4    God:    Trog [***...]
Gold:   174        SH:  0    Dex: 10    Spells: 6/6 levels left

rFire   + . .      SeeInvis .    a - +0 hand axe
rCold   . . .      Faith    .    (no shield)
rNeg    . . .      Spirit   .    b - +0 animal skin
rPois   .          Reflect  .    (helmet restricted)
rElec   .          Harm     .    (no cloak)
rCorr   .          Rampage  .    m - +0 pair of gloves
Will    .....                    r - +0 pair of boots
Stlth   +                        c - amulet of regeneration
HPRegen 1.10/turn                i - ring of protection from fire
MPRegen 0.10/turn                (no ring)

@: no status effects
A: horns 2, retaliatory headbutt
a: Renounce Religion, Berserk, Trog's Hand


You were on level 5 of the Dungeon.
You worshipped Trog.
Trog was most pleased with you.
You visited 1 branch of the dungeon, and saw 5 of its levels.

You collected 224 gold pieces.
You spent 50 gold pieces at shops.

Inventory:

Hand Weapons
 a - a +0 hand axe (weapon)
Armour
 b - a +0 animal skin (worn)
 m - a +0 pair of gloves (worn)
 r - a +0 pair of boots (worn)
Jewellery
 c - an amulet of regeneration (around neck)
 h - a ring of fire
 i - a ring of protection from fire (left hand)
Scrolls
 d - 4 scrolls of vulnerability {unknown}
 e - a scroll of enchant weapon {unknown}
 f - 2 scrolls of amnesia {unknown}
 g - 6 scrolls of teleportation
 o - 7 scrolls of identify
 p - a scroll of blinking {unknown}
 q - a scroll of immolation {unknown}
 s - a scroll of torment {unknown}
 t - a scroll of fear {unknown}
 x - a scroll of fog {unknown}
 y - a scroll of enchant armour {unknown}
Potions
 j - 2 potions of curing {unknown}
 k - a potion of cancellation {unknown}
 l - 3 potions of brilliance {unknown}
 n - 2 potions of mutation {unknown}
 u - a potion of flight {unknown}
 v - 2 potions of haste {unknown}
 w - a potion of resistance {unknown}
 z - a potion of degeneration {unknown}


   Skills:
 + Level 5.8 Fighting
 + Level 7.1 Axes
 + Level 2.8 Armour
 + Level 4.5 Dodging
 - Level 1.0 Stealth


You had 6 spell levels left.
You didn't know any spells.
Your spell library was empty.

Dungeon Overview and Level Annotations

Branches:
Dungeon (5/15)
 Temple: D:4-7

Altars:
Gozag

Shops:
D:3 *=(

Annotations:
D:5 Pikel


Innate Abilities, Weirdness & Mutations

You have a pair of horns on your head.
You reflexively headbutt those who attack you in melee.


Message History

The lemure is lightly wounded.
You slash Pikel! The lemure hits you.
You barely miss Pikel.
Pikel is lightly wounded.
You hit the lemure but do no damage. You closely miss the lemure.
The lemure hits you.
Pikel hits you with a +2 whip of electrocution!
You are electrocuted!
The lemure hits you!
You are too injured to fight recklessly!
You are too injured to fight recklessly!
You are too injured to fight recklessly!
You hit Pikel but do no damage. You headbutt Pikel, but do no damage.
Pikel is lightly wounded.
You hit the lemure. You hit the lemure but do no damage.
The lemure closely misses you. You furiously retaliate!
You headbutt the lemure, but do no damage.
Pikel closely misses you. You furiously retaliate!
You headbutt Pikel. The lemure barely misses you. You furiously retaliate!
You headbutt the lemure! You hit Pikel. You headbutt Pikel!
Pikel is moderately wounded.
You completely miss the lemure. You hit the lemure. The lemure hits you.
Pikel hits you with a +2 whip of electrocution.
The lemure hits you but does no damage.
You closely miss Pikel. Your headbutt misses Pikel.
Pikel is moderately wounded.
You hit the lemure. You closely miss the lemure. The lemure hits you!
* * * LOW HITPOINT WARNING * * *
Pikel waves his whip at you.
Pikel hits you with a +2 whip of electrocution!
* * * LOW HITPOINT WARNING * * *
The lemure barely misses you.
You hit Pikel.
Pikel is heavily wounded.
You hit the lemure. You hit the lemure but do no damage. The lemure misses you.
The lemure completely misses you. You furiously retaliate!
You headbutt the lemure.
Pikel hits you with a +2 whip of electrocution!
* * * LOW HITPOINT WARNING * * *
You are electrocuted!!
You die...

...## #...## ##(...#
..... #....
#.###.55#####.#
...!....5K5.....# ...
#@# #.# ##'## #.#
##...## ###.#
##.....## ##.#.#
##.......#
#####....###.........#
...........'.........+
###.#...####†........#
##<## ##.......##


You could see Pikel and 4 lemures.

Vanquished Creatures
  Sigmund (D:2)
  3 orc priests (D:4)
  2 hounds
  An iguana (D:3)
  An orc wizard (D:4)
  A gnoll (D:3)
  9 adders
  2 ufetubi (D:4)
  A worm (D:2)
  4 dart slugs
  10 orcs
  8 endoplasms
  2 giant cockroaches (D:2)
  13 goblins
  8 hobgoblins
  5 kobolds
  3 quokkas
  4 ball pythons
  6 bats
  A frilled lizard (D:1)
  4 rats (D:1)
89 creatures vanquished.

Notes
Turn   | Place    | Note
-------+----------+-------------------------------------------
     0 | D:1      | kiwi3s the Minotaur Berserker began the quest for the Orb.
     0 | D:1      | Reached XP level 1. HP: 19/19 MP: 0/0
   283 | D:1      | Reached skill level 4 in Axes
   376 | D:1      | Reached XP level 2. HP: 27/27 MP: 1/1
  1145 | D:2      | Noticed Sigmund
  1157 | D:2      | Killed Sigmund
  1158 | D:2      | Reached skill level 5 in Fighting
  1158 | D:2      | Reached skill level 5 in Axes
  1158 | D:2      | Reached XP level 3. HP: 36/36 MP: 2/2
  1158 | D:2      | Reached XP level 4. HP: 42/42 MP: 3/3
  1158 | D:2      | Reached XP level 5. HP: 48/48 MP: 4/4
  1496 | D:2      | Reached ** piety under Trog
  1502 | D:2      | Reached skill level 1 in Stealth
  1923 | D:3      | Found Azxiaveo's Jewellery Boutique.
  2075 | D:3      | Reached XP level 6. HP: 53/56 MP: 5/5
  2087 | D:3      | Found Elumigg's Weapon Shoppe.
  2279 | D:3      | Reached skill level 6 in Axes
  2408 | D:3      | Found Jiywois's General Store.
  2422 | D:3      | Bought a scroll of teleportation for 30 gold pieces
  2422 | D:3      | Bought a scroll of identify for 20 gold pieces
  3121 | D:4      | Found an opulent altar of Gozag.
  3182 | D:4      | Reached *** piety under Trog
  3583 | D:4      | Reached skill level 7 in Axes
  3583 | D:4      | Reached XP level 7. HP: 62/62 MP: 6/6
  3632 | D:5      | Entered Level 5 of the Dungeon
  3652 | D:5      | Noticed Pikel
  3662 | D:5      | HP: 3/62 [Pikel/+2 whip of electrocution (7)]
  3662 | D:5      | Demolished by Pikel

Illustrated notes

Levels and vault maps discovered:
D:1:      minmay_arrival_wavy_path, layout_basic, hangedman_decor_slide_cut,
          minivault_24
D:2:      layout_basic, uniq_sigmund
D:3:      minmay_thinvault, layout_basic, serial_shops,
          nicolae_shop_statue_plus, nicolae_lakefront_shop, nicolae_shop_trees
D:4:      layout_basic, nicolae_gozag_seed_capital
D:5:      layout_loops_corners, nicolae_overflow_hidden_temple,
          nicolae_shop_overcharged_wands, uniq_pikel, uniq_crazy_yiuf_cottage,
          uniq_eustachio

Skill      XL: |  1  2  3  4  5  6 |
---------------+-------------------+-----
Axes           | 4 5 7 |  7.1
Fighting       | 5 |  5.8
Dodging        | 3 4 |  4.5
Stealth        | 1 |  1.0
Armour         | |  2.8

Action                     |  1- 3 |  4- 6 |  7- 9 || total
---------------------------+-------+-------+-------++-------
  Melee: Hand axe          |    63 |   128 |    14 ||   205
         Headbutt          |     5 |    15 |     3 ||    23
 Invoke: Berserk           |     1 |       |       ||     1
   Stab: Sleeping          |       |     5 |       ||     5
 Armour: Animal skin       |    16 |    37 |     2 ||    55
  Dodge: Dodged            |    51 |    78 |    12 ||   141

Table legend: (Time is in decaauts)
 A = Elapsed time spent in this place.
 B = Non-inter-level travel time spent in this place.
 C = Inter-level travel time spent in this place.
 D = Time resting spent in this place.
 E = Time spent auto-exploring this place.
 F = Levels seen in this place.
 G = Mean time per level.
                   A        B        C        D        E       F      G
               +--------+--------+--------+--------+--------+-----+--------+
         Total |   3671 |   3505 |    166 |    148 |   2819 |   5 |  734.2 |
       Dungeon |   3671 |   3505 |    166 |    148 |   2819 |   5 |  734.2 |
               +--------+--------+--------+--------+--------+-----+--------+

Top non-repeatable levels by time:
     D:3: 1170 daAuts
     D:1: 1144 daAuts
     D:2: 712 daAuts
     D:4: 615 daAuts
     D:5: 28 daAuts
